 Dungeon Crawl Stone Soup version 0.26-a0-752-gcff87cac9a (webtiles) character file.

Game seed: 15552153559094781289

37 Antenora the Skirmisher (level 3, 0/29 HPs)
             Began as a Demonspawn Abyssal Knight on Nov 6, 2020.
             Was a Follower of Lugonu.
             Succumbed to an adder's poison
             ... on level 2 of the Dungeon.
             The game lasted 00:05:22 (1895 turns).

Antenora the Skirmisher (Demonspawn Abyssal Knight) Turns: 1895, Time: 00:05:23

Health: 0/29       AC:  3    Str: 10 (13) XL:     3   Next: 21%
Magic:  5/5        EV: 11    Int: 12 (13) God:    Lugonu [*.....]
Gold:   55         SH:  4    Dex: 11 (12) Spells: 2/2 levels left

rFire    . . .     SeeInvis .   a - +1 falchion
rCold    . . .     Faith    .   (no shield)
rNeg     . . .     Spirit   .   b - +0 leather armour
rPois    .         Reflect  .   (no helmet)
rElec    .         Harm     .   (no cloak)
rCorr    .         Rampage  .   (no gloves)
MR       .....                  (no boots)
Stlth    +.........             (no amulet)
HPRegen  0.09/turn              (no ring)
MPRegen  0.09/turn              (no ring)

@: lethally poisoned (0 -> -9)
A: claws 1, large bone plates 1
a: Depart the Abyss, Renounce Religion


You were on level 2 of the Dungeon.
You worshipped Lugonu.
Lugonu was aware of your devotion.
You visited 1 branch of the dungeon, and saw 2 of its levels.
You visited the Abyss 1 time.

You collected 55 gold pieces.

Inventory:

Hand Weapons
 a - a +1 falchion (weapon)
Armour
 b - a +0 leather armour (worn)
Potions
 f - a potion of degeneration


   Skills:
 + Level 3.4 Fighting
 + Level 2.4 Long Blades
 + Level 1.8 Armour
 + Level 1.0 Dodging
 + Level 0.1 Stealth
 * Level 3.2 Invocations


You had 2 spell levels left.
You didn't know any spells.
Your spell library was empty.

Dungeon Overview and Level Annotations

Branches:
Dungeon (2/15)

Altars:


Innate Abilities, Weirdness & Mutations

You have sharp fingernails.
You are partially covered in large bone plates. (SH +4)


Message History

The adder poisons you!
You feel sick. The adder bites you.
* * * LOW HITPOINT WARNING * * *
* * * LOW HITPOINT WARNING * * *
You feel sick.
* * * LOW HITPOINT WARNING * * *
You feel sick.
As you read the scroll labeled WIHUNA XEVUCW, it crumbles to dust.
You feel aware of your surroundings.
It was a scroll of magic mapping.
* * * LOW HITPOINT WARNING * * *
You feel sick. The adder bites you but does no damage.
* * * LOW HITPOINT WARNING * * *
You feel sick.
The leopard gecko hisses menacingly.
The adder bites you but does no damage.
* * * LOW HITPOINT WARNING * * *
You feel sick.
* * * LOW HITPOINT WARNING * * *
You feel sick. The adder barely misses you.
You die...

******,*,,,,**#.........#**,,,,,*
***,,*,**#........## *,*,#.,
*,,,,....#.....## *,*,,.#
****,###*##...## *,***.. *,*
##'## *,,,,.. *,* #.# *****#. *,*
#†# #. #.#######.####### #l
#.....@.S.l.....# #.
#######.l...###.######. ##...##
#.l...... ##.## ######### #.# #.#
#.# #.# #.#


You could see an adder, a leopard gecko and a frilled lizard.

Vanquished Creatures
  An ooze (D:2)
  A worm (D:2)
  A ball python (D:1)
  3 bats (D:1)
  4 giant cockroaches
  4 goblins (D:1)
  A hobgoblin (D:1)
  4 kobolds (D:1)
  2 quokkas (D:2)
  3 frilled lizards
  2 rats
26 creatures vanquished.

Notes
Turn   | Place    | Note
-------+----------+-------------------------------------------
     0 | Abyss:1  | Antenora the Demonspawn Abyssal Knight began the quest for
                  | the Orb.
     0 | Abyss:1  | Reached XP level 1. HP: 18/18 MP: 2/2
     3 | Abyss:1  | Noticed a ynoxinul
     3 | Abyss:1  | Noticed a wight
     7 | Abyss:1  | Noticed a ynoxinul
     8 | D:1      | Escaped the Abyss
   396 | D:1      | Reached * piety under Lugonu
   400 | D:1      | Gained mutation: You have sharp fingernails. [demonic
                  | ancestry]
   400 | D:1      | Reached XP level 2. HP: 17/24 MP: 4/4
  1432 | D:2      | Gained mutation: You are partially covered in large bone
                  | plates. (SH +4) [demonic ancestry]
  1432 | D:2      | Reached XP level 3. HP: 13/29 MP: 5/5
  1778 | D:2      | Reached skill level 1 in Dodging
  1894 | D:2      | HP: 1/29 [poisoned by an adder]
  1895 | D:2      | Succumbed to an adder's poison

Illustrated notes

Levels and vault maps discovered:
D:1:      eino_arrival_water_star, layout_basic
D:2:      layout_loops_corners, uniq_robin

Skill      XL: |  1  2  3 |
---------------+----------+-----
Long Blades    | 2 |  2.4
Invocations    | 3 |  3.2
Dodging        | 1 |  1.0
Fighting       | |  3.4
Armour         | |  1.8
Stealth        | |  0.1

Action                   || total
-------------------------++-------
Melee: Falchion          ||    76
Invok: Depart the Abyss  ||     1
  Use: Potion            ||     4
       Scroll            ||     3
Armor: Leather armour    ||    45
Dodge: Dodged            ||    92
Block: Other             ||     1
       Rpst.: Falchion   ||    29

Table legend: (Time is in decaauts)
 A = Elapsed time spent in this place.
 B = Non-inter-level travel time spent in this place.
 C = Inter-level travel time spent in this place.
 D = Time resting spent in this place.
 E = Time spent auto-exploring this place.
 F = Levels seen in this place.
 G = Mean time per level.
                   A        B        C        D        E       F      G
               +--------+--------+--------+--------+--------+-----+--------+
         Total |   1929 |   1929 |      0 |    759 |      0 |   3 |  643.0 |
       Dungeon |   1921 |   1921 |      0 |    759 |      0 |   2 |  960.5 |
         Abyss |      8 |      8 |      0 |      0 |      0 |   1 |    8.0 |
               +--------+--------+--------+--------+--------+-----+--------+

Top non-repeatable levels by time:
     D:1: 1206 daAuts
     D:2: 714 daAuts
 Abyss:1: 8 daAuts
